Map: Curious Minds LE

Players

TIME (Oliveira)

  • Race: Terran Terran

AGOElazer (Elazer) - Winner!

  • Race: Zerg Zerg
  • League: Master

Event: DreamHack SC2 Masters Last Chance 2022

VOD

Have the link to the VOD?

Description

Time

  • Played on: Dec. 17, 2021, 12:15 p.m.
  • Length: 6:00

All games in this series

Show
View Real Time Build Order
Export as new Build Order

TIME Terran 

Build Orders:  

Get SALT Encoding   

  12  0:00  SCV  
  13  0:12  SCV  
  14  0:18  Supply Depot  
  14  0:41  Barracks  
  14  0:43  Refinery  
  14  0:53  Barracks  
  14  1:08  Barracks  
  14  1:17  Refinery  
  14  1:28  Reaper  
  15  1:44  Reaper  
  16  1:56  Reaper  
  17  2:04  Supply Depot  
  17  2:10  Reaper  
  18  2:19  Reaper  
  19  2:29  Reaper  
  20  2:42  Reaper  
  21  2:51  Orbital Command  
  21  2:56  Reaper  
  22  3:04  Reaper  
  23  3:14  Reaper  
  24  3:21  Supply Depot  
  24  3:23  SCV  
  25  3:30  Reaper  
  25  3:35  SCV  
  25  3:39  Reaper  
  27  3:47  SCV  
  28  3:48  Reaper  
  29  3:59  SCV  
  30  4:04  Reaper  
  30  4:07  Supply Depot  
  31  4:11  SCV  
  31  4:12  Reaper  
  33  4:22  Reaper  
  33  4:23  SCV  
  35  4:35  SCV  
  35  4:36  Reaper  
  36  4:48  SCV  
  36  4:51  Reaper  
  37  4:59  Command Center  
  37  5:00  SCV  
  38  5:08  Reaper  
  38  5:12  SCV, Reaper  
  40  5:23  Reaper  
  40  5:24  SCV  
  40  5:27  Supply Depot  
  39  5:36  SCV  
  39  5:38  Factory  
  39  5:48  SCV  
Show
View Real Time Build Order
Export as new Build Order

AGOElazer Zerg - Winner!

Build Orders: Hatch First 

Get SALT Encoding   

  12  0:00  Drone  
  13  0:12  Overlord  
  13  0:16  Drone  
  14  0:30  Drone x2  
  16  0:47  Hatchery  
  15  0:50  Drone  
  15  0:54  Drone  
  17  0:58  Drone  
  18  1:11  Spawning Pool  
  18  1:14  Drone  
  18  1:36  Drone  
  19  1:58  Queen  
  19  1:59  Zergling x8, Spine Crawler  
  24  2:07  Queen  
  26  2:12  Extractor  
  26  2:14  Zergling x4  
  27  2:24  Overlord  
  27  2:25  Zergling x2  
  27  2:42  Queen  
  27  2:44  Queen  
  29  2:50  Zergling x4  
  33  2:55  Zergling x2  
  33  2:56  Zergling x2, Overlord  
  35  3:15  Drone x4  
  38  3:22  Queen  
  40  3:27  Metabolic Boost  
  40  3:32  Drone x2  
  42  3:38  Drone  
  43  3:50  Overlord  
  43  3:51  Drone  
  43  4:03  Overlord  
  43  4:08  Zergling x14  
  50  4:16  Zergling x2  
  51  4:23  Zergling x4  
  53  4:27  Queen  
  55  4:34  Zergling x2  
  55  4:35  Zergling x6  
  55  4:49  Queen  
  55  4:51  Zergling x6  
  59  4:54  Overlord  
  59  5:07  Zergling x2  
  59  5:12  Zergling x2  
  59  5:13  Zergling x6  
  62  5:14  Queen  
  62  5:19  Zergling x2  
  65  5:29  Zergling x8  
  65  5:35  Zergling x2  
  68  5:52  Hatchery  

Tags
 
Add a new tag
Caveats
  • Supply blocks, unpowered buildings, or Contaminate may cause inaccurate times.
  • Supply counts are checked every 10 seconds.